 Dungeon Crawl Stone Soup version 0.31-a0-358-gac0dbeb3ab (webtiles) character file.

Game seed: 11763247864255987591

79 randomguy2701 the Covered (level 4, -3/40 HPs)
             Began as a Minotaur Fighter on July 26, 2023.
             Was a Follower of Dithmenos.
             Slain by Sigmund
             ... wielding a +0 scythe
              (6 damage)
             ... on level 3 of the Dungeon.
             The game lasted 00:02:06 (1389 turns).

randomguy2701 the Covered (Minotaur Fighter)        Turns: 1389, Time: 00:02:06

Health: -3/40      AC:  7    Str: 20    XL:     4   Next: 16%
Magic:  3/3        EV:  9    Int:  5    God:    Dithmenos [*.....]
Gold:   101        SH:  5    Dex: 12    Spells: 3/3 levels left

rFire   . . .        a - +0 war axe
rCold   . . .        c - +0 buckler
rNeg    . . .        b - +0 scale mail
rPois   .            (helmet restricted)
rElec   .            (no cloak)
rCorr   .            (no gloves)
SInv    .            (no boots)
Will    .....        (no amulet) Stlth
                     (no ring)
HPRegen 0.26/turn    (no ring)
MPRegen 0.08/turn

%: no passive effects
@: wreathed by umbra
A: horns 2, retaliatory headbutt
a: Renounce Religion


You were on level 3 of the Dungeon.
You worshipped Dithmenos.
Dithmenos was aware of your devotion.
You visited 1 branch of the dungeon, and saw 3 of its levels.

You collected 101 gold pieces.

Inventory:

Hand Weapons
 a - a +0 war axe (weapon)
Missiles
 k - 2 throwing nets
Armour
 b - a +0 scale mail (worn)
 c - a +0 buckler (worn)
Jewellery
 f - a ring of willpower
Wands
 i - a wand of charming (11)
 l - a wand of roots (13)
Scrolls
 e - a scroll of enchant weapon {unknown}
 h - a scroll of poison {unknown}
 j - a scroll of vulnerability {unknown}
 m - a scroll of blinking {unknown}
 n - a scroll of enchant armour {unknown}
Potions
 d - a potion of might
 g - a potion of magic {unknown}
 o - a potion of lignification {unknown}
 p - 2 potions of haste {unknown}


   Skills:
 + Level 4.2 Fighting
 + Level 3.6 Axes
 + Level 4.3 Armour
 + Level 0.5 Dodging
 + Level 4.3 Shields


You had 3 spell levels left.
You didn't know any spells.
Your spell library contained the following spells:

 Spells                   Type           Power      Damage    Failure   Level
 Lesser Beckoning         Tloc           0%         N/A       95%         2
 Gell's Gravitas          Tloc           0%         N/A       99%         3
 Teleport Other           Tloc           0%         N/A       99%         3


Dungeon Overview and Level Annotations

Branches:
Dungeon (3/15)

Altars:
Dithmenos

Annotations:
D:3 Sigmund


Innate Abilities, Weirdness & Mutations

You have a pair of horns on your head.
You reflexively headbutt those who attack you in melee.


Message History

Sigmund the Dreaded comes into view.
He is wielding a +0 scythe.
Sigmund is nearby!
Sigmund is nearby!
Found a scroll labelled BOFOLY LASITES.
Sigmund gestures at you while chanting. You block the puff of flame.
Sigmund casts a spell.
Sigmund flickers and vanishes!
Deactivating autopickup; reactivate with Ctrl-A.
No target in view!
No target in view!
No target in view!
Something hits you!
You miss something. Your headbutt misses something.
Something hits you but does no damage.
You miss something. Something hits you.
You barely miss something. You miss something. Something hits you!
You closely miss something. Something hits you but does no damage.
You miss something.
You hear some strange, mumbled words.
A puff of flame appears from out of thin air!
The puff of flame hits you!
You closely miss something. Something hits you.
You completely miss something. Something hits you but does no damage.
You closely miss something. Something hits you.
* * * LOW HITPOINT WARNING * * *
You barely miss something. You headbutt something. Something hits you!
* * * LOW HITPOINT WARNING * * *
You miss something. Something hits you but does no damage.
You barely miss something. Something hits you but does no damage.
You miss something.
You hear some strange, mumbled words.
You are confused.
You bump into the rock wall.
Something hits you.
* * * LOW HITPOINT WARNING * * *
You're too confused to move!
Something hits you but does no damage.
You feel less confused. Something hits you.
You die...

###..#)# ##....### ##...#
#..#.## #######..†##
#.##.# ........#)# #.##.#
...######.####.##.# ...#
###.........# ##
...####.....#..#######?...
.....##...................
...#.##.........@{....####
####.#####....#....####
..##.# ##..#######....#
.....###..## ####...
......†..## #.. ##.#.##>.#
# #...##........
##.....####### #.....#


There were no monsters in sight!

Vanquished Creatures
  3 adders
  4 dart slugs
  An orc (D:3)
  8 bats
  An endoplasm (D:3)
  2 goblins
  3 hobgoblins
  2 jackals (D:2)
  4 quokkas
  9 ball pythons
  2 frilled lizards
  3 kobolds
  A rat (D:2)
43 creatures vanquished.

Notes
Turn   | Place    | Note
-------+----------+-------------------------------------------
     0 | D:1      | randomguy2701 the Minotaur Fighter began the quest for the
                  | Orb.
     0 | D:1      | Reached XP level 1. HP: 19/19 MP: 0/0
   240 | D:1      | Reached XP level 2. HP: 27/27 MP: 1/1
   707 | D:2      | Reached XP level 3. HP: 29/33 MP: 2/2
   996 | D:2      | Found a faded altar of an unknown god.
  1139 | D:2      | Prayed at the altar of an unknown god.
  1139 | D:2      | Became a worshipper of Dithmenos the Shadowed
  1139 | D:2      | Reached * piety under Dithmenos
  1243 | D:3      | Reached XP level 4. HP: 36/40 MP: 3/3
  1366 | D:3      | Noticed Sigmund
  1384 | D:3      | HP: 2/40 [something (5)]
  1389 | D:3      | Slain by Sigmund

Illustrated notes

Levels and vault maps discovered:
D:1:      nicolae_arrival_washed_ashore, layout_basic, minmay_misc_feat_plants,
          minivault_5
D:2:      layout_rooms, hellmonk_ecumenical_altar_leap_of_faith
D:3:      layout_rooms, gammafunk_ghost_nasty_kobolds, uniq_sigmund

Skill      XL: |  1  2  3 |
---------------+----------+-----
Fighting       | 4 |  4.2
Armour         | 4 |  4.3
Shields        | 4 |  4.3
Axes           | 3 |  3.6
Dodging        | |  0.5

Action                     |  1- 3 |  4- 6 || total
---------------------------+-------+-------++-------
  Melee: War axe           |    89 |    33 ||   122
         Headbutt          |     9 |     5 ||    14
 Armour: Scale mail        |    39 |    13 ||    52
  Dodge: Dodged            |    58 |     6 ||    64
  Block: Buckler           |    30 |     8 ||    38

Table legend: (Time is in decaauts)
 A = Elapsed time spent in this place.
 B = Non-inter-level travel time spent in this place.
 C = Inter-level travel time spent in this place.
 D = Time resting spent in this place.
 E = Time spent auto-exploring this place.
 F = Levels seen in this place.
 G = Mean time per level.
                   A        B        C        D        E       F      G
               +--------+--------+--------+--------+--------+-----+--------+
         Total |   1434 |   1372 |     62 |      0 |   1068 |   3 |  478.0 |
       Dungeon |   1434 |   1372 |     62 |      0 |   1068 |   3 |  478.0 |
               +--------+--------+--------+--------+--------+-----+--------+

Top non-repeatable levels by time:
     D:2: 633 daAuts
     D:1: 548 daAuts
     D:3: 252 daAuts
